TOP OF THE 1ST |
Iowa Hawkeyes batting - Pitching for Purdue Boilermakers : RHP Jonathan Clark
|
Pitching: RHP Jonathan Clark
|
|
Batting: RHB Chris Boner
|
0-0: Called Strike 0-1: Ball 1-1: Ball 2-1: Fly out, F4 (Line Drive, 4)
|
Batting: RHB Jim Sharry
|
0-0: Called Strike 0-1: Ball 1-1: Ball 2-1: Ball 3-1: Foul Ball, location: 2F 3-2: Base on Balls
|
Batting: RHB Kelsey Scott
|
0-0: Ball 1-0: Foul Ball, location: 2F 1-1: Called Strike 1-2: Foul Ball, location: 2F 1-2: Ball 2-2: Strikes out looking
|
Batting: RHB Juan Escalante
|
0-0: Foul Ball, location: 2F 0-1: Swinging Strike 0-2: Ball 1-2: Foul Ball, location: 2F 1-2: Ball 2-2: Ball 3-2: Base on Balls Jim Sharry to second
|
Batting: RHB Jim Jones
|
0-0: Ball 1-0: Foul Ball, location: 2F 1-1: Foul Ball, location: 2F 1-2: Ball 2-2: Ball 3-2: Strikes out swinging
|
Top of the 1st over - 0 run(s), 0 hit(s), 0 error(s), 2 left on base; Iowa 0 - Purdue 0 |
BOTTOM OF THE 1ST |
Purdue Boilermakers batting - Pitching for Iowa Hawkeyes : RHP Rafael Souza
|
Pitching: RHP Rafael Souza
|
|
Batting: SHB Bryan Atkins
|
0-0: Foul Ball, location: 2F 0-1: Swinging Strike 0-2: Ball 1-2: Reached on error, E3 (Groundball, 3L)
|
Batting: SHB Johnny Jackson
|
0-0: SINGLE (Groundball, 34) (infield hit) Bryan Atkins to second
|
Batting: LHB Rodney Harrison
|
0-0: Called Strike 0-1: Fly out, F8 (Flyball, 8RM)
|
Batting: RHB Jim MacAchounich
|
0-0: Ball 1-0: Grounds into double play, 4-6-3 (Groundball, 4)
|
Bottom of the 1st over - 0 run(s), 1 hit(s), 1 error(s), 1 left on base; Iowa 0 - Purdue 0 |
TOP OF THE 2ND |
Iowa Hawkeyes batting - Pitching for Purdue Boilermakers : RHP Jonathan Clark
|
Batting: RHB Miguel López
|
0-0: Ball 1-0: Ball 2-0: Reached on error, E5 (Groundball, 56)
|
Batting: RHB Carter Wilson
|
0-0: Ball 1-0: Foul Ball, location: 2F 1-1: Called Strike 1-2: DOUBLE (Line Drive, 78M) Miguel López scores
|
Batting: RHB Stephen Spence
|
0-0: Called Strike 0-1: Swinging Strike 0-2: Fly out, F8 (Flyball, 8LXD) Runner from 2nd tags up, SAFE at 3rd, no throw
|
Batting: RHB Ed Nygaard
|
0-0: Foul Ball, location: 2F 0-1: Ball 1-1: Ball 2-1: Ball 3-1: Base on Balls
|
Batting: RHB Chris Boner
|
0-0: Ball 1-0: Fielders Choice at 2nd, 5-4 (Groundball, 56) Carter Wilson scores
|
Batting: RHB Jim Sharry
|
0-0: Ball 1-0: Ball 2-0: Called Strike 2-1: SINGLE (Line Drive, 34) Chris Boner to second
|
Batting: RHB Kelsey Scott
|
0-0: Ball 1-0: Ball 2-0: Called Strike 2-1: Foul Ball, location: 2F 2-2: Ball 3-2: Base on Balls Chris Boner to third Jim Sharry to second
|
Batting: RHB Juan Escalante
|
0-0: Called Strike 0-1: Swinging Strike 0-2: Strikes out looking
|
Top of the 2nd over - 2 run(s), 2 hit(s), 1 error(s), 3 left on base; Iowa 2 - Purdue 0 |
BOTTOM OF THE 2ND |
Purdue Boilermakers batting - Pitching for Iowa Hawkeyes : RHP Rafael Souza
|
Batting: SHB Carl Carver
|
0-0: Swinging Strike 0-1: Ball 1-1: Ball 2-1: Fly out, F9 (Line Drive, 9LM)
|
Batting: LHB Joe Kent
|
0-0: Called Strike 0-1: Swinging Strike 0-2: Foul Ball, location: 2F 0-2: Foul Ball, location: 2F 0-2: Ball 1-2: Ball 2-2: Fly out, F4 (Popup, 3D)
|
Batting: RHB Joe Meads
|
0-0: Ball 1-0: Called Strike 1-1: Ground out 5-3 (Groundball, 5L)
|
Bottom of the 2nd over - 0 run(s), 0 hit(s), 0 error(s), 0 left on base; Iowa 2 - Purdue 0 |
TOP OF THE 3RD |
Iowa Hawkeyes batting - Pitching for Purdue Boilermakers : RHP Jonathan Clark
|
Batting: RHB Jim Jones
|
0-0: Ball 1-0: Foul Ball, location: 2F 1-1: Fly out, F8 (Line Drive, 89M)
|
Batting: RHB Miguel López
|
0-0: Called Strike 0-1: Ball 1-1: Foul Ball, location: 2F 1-2: Strikes out looking
|
Batting: RHB Carter Wilson
|
0-0: Ball 1-0: Ball 2-0: Foul Ball, location: 2F 2-1: Ball 3-1: Called Strike 3-2: Foul Ball, location: 2F 3-2: Foul Ball, location: 2F 3-2: Base on Balls
|
Batting: RHB Stephen Spence
|
0-0: Ball 1-0: DOUBLE (Flyball, 9LM) Carter Wilson to third
|
Batting: RHB Ed Nygaard
|
0-0: Ball 1-0: Ball 2-0: Fly out, F9 (Flyball, 9S)
|
Top of the 3rd over - 0 run(s), 1 hit(s), 0 error(s), 2 left on base; Iowa 2 - Purdue 0 |
BOTTOM OF THE 3RD |
Purdue Boilermakers batting - Pitching for Iowa Hawkeyes : RHP Rafael Souza
|
Batting: RHB Bill Gilmore
|
0-0: Ball 1-0: Ball 2-0: Foul Ball, location: 2F 2-1: SINGLE (Groundball, 3D)
|
Batting: SHB Darren Campbell
|
0-0: Ball 1-0: Called Strike 1-1: Ball 2-1: Foul Ball, location: 2F 2-2: SINGLE (Groundball, 34D) Bill Gilmore to second Runner from 2nd tries for 3rd, SAFE, throw made to third
|
Batting: SHB Bryan Atkins
|
0-0: Foul Ball, location: 2F 0-1: Ball 1-1: Foul Ball, location: 2F 1-2: Ball 2-2: Strikes out looking
|
Batting: SHB Johnny Jackson
|
0-0: Ball 1-0: Ball 2-0: Grounds into double play, 5-4-3 (Groundball, 5L)
|
Bottom of the 3rd over - 0 run(s), 2 hit(s), 0 error(s), 1 left on base; Iowa 2 - Purdue 0 |
TOP OF THE 4TH |
Iowa Hawkeyes batting - Pitching for Purdue Boilermakers : RHP Jonathan Clark
|
Batting: RHB Chris Boner
|
0-0: Ball 1-0: Ground out 3-1 (Groundball, 34)
|
Pitching: RHP Robert King
|
|
Batting: RHB Jim Sharry
|
0-0: Reached on error, E6 (Groundball, 6S)
|
Batting: RHB Kelsey Scott
|
0-0: Called Strike 0-1: Ball 1-1: Ball 2-1: Fly out, F7 (Flyball, 78M)
|
Batting: RHB Juan Escalante
|
0-0: Ball 1-0: Swinging Strike 1-1: Ball 2-1: Ball 3-1: Called Strike 3-2: Foul Ball, location: 2F 3-2: Strikes out swinging
|
Top of the 4th over - 0 run(s), 0 hit(s), 1 error(s), 1 left on base; Iowa 2 - Purdue 0 |
BOTTOM OF THE 4TH |
Purdue Boilermakers batting - Pitching for Iowa Hawkeyes : RHP Rafael Souza
|
Batting: LHB Rodney Harrison
|
0-0: Foul Ball, location: 2F 0-1: Ball 1-1: Called Strike 1-2: Foul Ball, location: 2F 1-2: SINGLE (Groundball, 6MD)
|
Batting: RHB Jim MacAchounich
|
0-0: Ball 1-0: Foul Ball, location: 2F 1-1: Foul Ball, location: 2F 1-2: Fly out, F8 (Flyball, 8LM)
|
Batting: SHB Carl Carver
|
0-0: Ball 1-0: Foul Ball, location: 2F 1-1: Foul Ball, location: 2F 1-2: Foul Ball, location: 2F 1-2: Strikes out looking
|
Batting: LHB Joe Kent
|
0-0: Swinging Strike 0-1: Foul Ball, location: 2F 0-2: Ball 1-2: Strikes out swinging
|
Bottom of the 4th over - 0 run(s), 1 hit(s), 0 error(s), 1 left on base; Iowa 2 - Purdue 0 |
TOP OF THE 5TH |
Iowa Hawkeyes batting - Pitching for Purdue Boilermakers : RHP Robert King
|
Batting: RHB Jim Jones
|
0-0: Ball 1-0: Called Strike 1-1: Foul Ball, location: 2F 1-2: Ball 2-2: Strikes out looking
|
Batting: RHB Miguel López
|
0-0: Swinging Strike 0-1: Called Strike 0-2: Strikes out swinging
|
Batting: RHB Carter Wilson
|
0-0: Called Strike 0-1: Ball 1-1: Foul Ball, location: 2F 1-2: Strikes out swinging
|
Top of the 5th over - 0 run(s), 0 hit(s), 0 error(s), 0 left on base; Iowa 2 - Purdue 0 |
BOTTOM OF THE 5TH |
Purdue Boilermakers batting - Pitching for Iowa Hawkeyes : RHP Rafael Souza
|
Batting: RHB Joe Meads
|
0-0: Ball 1-0: Ball 2-0: Ball 3-0: Called Strike 3-1: Swinging Strike 3-2: Base on Balls
|
Batting: RHB Bill Gilmore
|
Pickoff Throw to First - Error! E1 Joe Meads to second 0-0: Ball 1-0: Swinging Strike 1-1: Ball 2-1: Ground out 6-3 (Groundball, 6) Joe Meads to third
|
Batting: SHB Darren Campbell
|
0-0: SINGLE (Groundball, 4MD) Joe Meads scores
|
Batting: SHB Bryan Atkins
|
0-0: Ball 1-0: Ball 2-0: Foul Ball, location: 2F 2-1: Swinging Strike 2-2: Strikes out swinging
|
Batting: SHB Johnny Jackson
|
0-0: Ball 1-0: SINGLE (Groundball, 4D) Darren Campbell to second Runner from 2nd tries for 3rd, SAFE, throw made to third
|
Batting: LHB Rodney Harrison
|
0-0: Ball 1-0: Foul Ball, location: 2F 1-1: Called Strike 1-2: Hit by Pitch Johnny Jackson to second
|
Pitching: RHP Dennis Montés
|
|
Batting: RHB Jim MacAchounich
|
0-0: Ball Wild Pitch! Darren Campbell scores Johnny Jackson to third Rodney Harrison to second 1-0: Intentional Walk
|
Batting: SHB Carl Carver
|
0-0: Ball 1-0: Ball 2-0: Foul Ball, location: 2F 2-1: Fielders Choice at 2nd, 4-6 (Groundball, 4)
|
Bottom of the 5th over - 2 run(s), 2 hit(s), 1 error(s), 2 left on base; Iowa 2 - Purdue 2 |
TOP OF THE 6TH |
Iowa Hawkeyes batting - Pitching for Purdue Boilermakers : RHP Robert King
|
Batting: RHB Stephen Spence
|
0-0: Ground out 4-3 (Groundball, 4S)
|
Batting: RHB Ed Nygaard
|
0-0: Ball 1-0: Swinging Strike 1-1: Foul Ball, location: 2F 1-2: Ball 2-2: Ball 3-2: Strikes out swinging
|
Batting: RHB Chris Boner
|
0-0: Foul Ball, location: 2F 0-1: Swinging Strike 0-2: Ball 1-2: Ball 2-2: Strikes out swinging
|
Top of the 6th over - 0 run(s), 0 hit(s), 0 error(s), 0 left on base; Iowa 2 - Purdue 2 |
BOTTOM OF THE 6TH |
Purdue Boilermakers batting - Pitching for Iowa Hawkeyes : RHP Dennis Montés
|
Batting: LHB Joe Kent
|
0-0: Ball 1-0: SINGLE (Line Drive, 9LM)
|
Batting: RHB Joe Meads
|
0-0: Called Strike 0-1: Called Strike 0-2: Ball Joe Kent steals 2nd base 1-2: Ball 2-2: Ground out 4-3 (Groundball, 4) Joe Kent to third
|
Batting: RHB Bill Gilmore
|
0-0: Called Strike 0-1: Swinging Strike 0-2: Foul Ball, location: 2F 0-2: Foul Ball, location: 2F 0-2: Foul Ball, location: 2F 0-2: Ball 1-2: Ball 2-2: Strikes out looking
|
Batting: SHB Darren Campbell
|
0-0: Foul Ball, location: 2F 0-1: Ball 1-1: Ball 2-1: Swinging Strike 2-2: Ball 3-2: Base on Balls
|
Batting: SHB Bryan Atkins
|
0-0: Ball 1-0: Ball 2-0: Ball Darren Campbell is caught stealing 2nd base
|
Bottom of the 6th over - 0 run(s), 1 hit(s), 0 error(s), 0 left on base; Iowa 2 - Purdue 2 |
TOP OF THE 7TH |
Iowa Hawkeyes batting - Pitching for Purdue Boilermakers : RHP Robert King
|
Batting: RHB Jim Sharry
|
0-0: Ball 1-0: Called Strike 1-1: Called Strike 1-2: Ball 2-2: Foul Ball, location: 2F 2-2: Ball 3-2: Strikes out looking
|
Batting: RHB Kelsey Scott
|
0-0: Foul Ball, location: 2F 0-1: Ball 1-1: Ground out 5-3 (Groundball, 56S)
|
Batting: RHB Juan Escalante
|
0-0: Ball 1-0: Foul Ball, location: 2F 1-1: Called Strike 1-2: Ball 2-2: Ball Error on foul ball, E9 3-2: Fly out, F8 (Flyball, 8LD)
|
Top of the 7th over - 0 run(s), 0 hit(s), 1 error(s), 0 left on base; Iowa 2 - Purdue 2 |
BOTTOM OF THE 7TH |
Purdue Boilermakers batting - Pitching for Iowa Hawkeyes : RHP Dennis Montés
|
Batting: SHB Bryan Atkins
|
0-0: Called Strike 0-1: Foul Ball, location: 2F 0-2: Strikes out swinging
|
Batting: SHB Johnny Jackson
|
0-0: Foul Ball, location: 2F 0-1: Ground out 4-3 (Groundball, 4)
|
Batting: LHB Rodney Harrison
|
0-0: Called Strike 0-1: Foul Ball, location: 2F 0-2: Strikes out swinging
|
Bottom of the 7th over - 0 run(s), 0 hit(s), 0 error(s), 0 left on base; Iowa 2 - Purdue 2 |
TOP OF THE 8TH |
Iowa Hawkeyes batting - Pitching for Purdue Boilermakers : RHP Robert King
|
Batting: RHB Jim Jones
|
0-0: Ball 1-0: Ball 2-0: Called Strike 2-1: Ball 3-1: Foul Ball, location: 2F 3-2: Base on Balls
|
Pitching: RHP Jesse Gross
|
|
Batting: RHB Miguel López
|
0-0: Called Strike 0-1: Sac Bunt - play at first, batter OUT! 5-4 Jim Jones to second
|
Batting: RHB Carter Wilson
|
0-0: Ball 1-0: Called Strike 1-1: Called Strike 1-2: Strikes out swinging
|
Pitching: RHP Frank Thomas
|
|
Batting: RHB Stephen Spence
|
0-0: Ball 1-0: SINGLE (Line Drive, 56D) Jim Jones to third Runner from 3rd tries for Home, SAFE, no throw
|
Batting: RHB Ed Nygaard
|
0-0: Foul Ball, location: 2F 0-1: Foul Ball, location: 2F 0-2: Foul Ball, location: 2F 0-2: Ball 1-2: Ball 2-2: Foul Ball, location: 2F 2-2: Fly out, F9 (Flyball, 9LS)
|
Top of the 8th over - 1 run(s), 1 hit(s), 0 error(s), 1 left on base; Iowa 3 - Purdue 2 |
BOTTOM OF THE 8TH |
Purdue Boilermakers batting - Pitching for Iowa Hawkeyes : RHP Dennis Montés
|
Batting: RHB Jim MacAchounich
|
0-0: Called Strike 0-1: Ground out 5-3 (Groundball, 5)
|
Batting: SHB Carl Carver
|
0-0: Ball 1-0: Ball 2-0: Called Strike 2-1: SINGLE (Line Drive, 34)
|
Pitching: LHP Leonardo Canó
|
|
Batting: LHB Joe Kent
|
0-0: Foul Ball, location: 2F 0-1: Ball 1-1: Ball 2-1: Swinging Strike 2-2: Strikes out swinging
|
Pitching: RHP Pedro Castillo
|
|
Batting: RHB Joe Meads
|
0-0: Ball 1-0: Ground out 5-3 (Groundball, 56S)
|
Bottom of the 8th over - 0 run(s), 1 hit(s), 0 error(s), 1 left on base; Iowa 3 - Purdue 2 |
TOP OF THE 9TH |
Iowa Hawkeyes batting - Pitching for Purdue Boilermakers : RHP Frank Thomas
|
Batting: RHB Chris Boner
|
0-0: Called Strike 0-1: Called Strike 0-2: Foul Ball, location: 2F 0-2: Ball 1-2: Ground out 5-3 (Groundball, 56S)
|
Batting: RHB Jim Sharry
|
0-0: Ground out 4-3 (Groundball, 4)
|
Batting: RHB Kelsey Scott
|
0-0: Called Strike 0-1: Foul Ball, location: 2F 0-2: Foul Ball, location: 2F 0-2: Strikes out looking
|
Top of the 9th over - 0 run(s), 0 hit(s), 0 error(s), 0 left on base; Iowa 3 - Purdue 2 |
BOTTOM OF THE 9TH |
Purdue Boilermakers batting - Pitching for Iowa Hawkeyes : RHP Pedro Castillo
|
Pitching: RHP Roberto Solís
|
|
Batting: RHB Bill Gilmore
|
0-0: Ball 1-0: Called Strike 1-1: Foul Ball, location: 2F 1-2: Foul Ball, location: 2F 1-2: Ball 2-2: Ball 3-2: Base on Balls
|
Batting: SHB Darren Campbell
|
0-0: Called Strike 0-1: Ball 1-1: Sac Bunt - play at first, batter OUT! 1-4 Bill Gilmore to second
|
Batting: SHB Bryan Atkins
|
0-0: Called Strike 0-1: Ball 1-1: Ball 2-1: SINGLE (Flyball, 6MD) Bill Gilmore to third
|
Batting: SHB Johnny Jackson
|
0-0: Swinging Strike 0-1: Called Strike 0-2: Ball 1-2: Ball 2-2: Fly out, F7 (Flyball, 78S)
|
Batting: LHB Rodney Harrison
|
0-0: Hit by Pitch Bryan Atkins to second
|
Batting: RHB Jim MacAchounich
|
0-0: Called Strike 0-1: Foul Ball, location: 2F 0-2: Ground out U3 (Groundball, 34)
|
Bottom of the 9th over - 0 run(s), 1 hit(s), 0 error(s), 3 left on base; Iowa 3 - Purdue 2 |
|